AoeStats
← peng不眨眼-盗号死妈

Black Forest

509095669Analyzed
3v3 RM · 6d ago on Sep 25, 2026· 25m 48s· 6 players
Game mode
Random Map
Map size
Normal (6 player)
Population
200
Speed
Normal
Resources
Standard
Victory
Conquest
Starting age
Dark Age
Ending age
Imperial Age
RankedLock teamsTeams togetherTeam positionsShared explorationLock speedFull tech treeHidden civsTurbo modeCheats
Victory
Defeat
🇷🇺 Varangians · Russia
1007
+16
🇨🇱 Aztecs · Chile
1004
+16
🇪🇸 Japanese · Spain
991
+16
1000
-48
🇨🇳 Burgundians · China
1000
-48
🇨🇳 Bohemians · China
1000
-48
likkus
0:45 Loom
12:51 Feudal Age
13:34 Double-Bit Axe
16:24 Wheelbarrow
18:29 Castle Age
21:13 Bow Saw
22:51 Horse Collar
26:26 Heavy Plow
german satula
7:20 Loom
10:39 Feudal Age
11:18 Double-Bit Axe
15:59 Castle Age
14:08 Double-Bit Axe
15:34 Horse Collar
21:27 Eagle Warrior
22:42 Scale Mail Armor
25:55 Forging
AmbassadorKaifa
5:40 Loom
11:54 Feudal Age
16:43 Castle Age
14:30 Double-Bit Axe
16:00 Horse Collar
16:15 Gold Mining
16:17 Stone Mining
18:20 Wheelbarrow
18:34 Bow Saw
peng不眨眼-盗号死妈
10:40 Feudal Age
11:14 Double-Bit Axe
11:13 Horse Collar
17:29 Gold Mining
20:32 Bloodlines
22:32 Stone Mining
25:47 Castle Age
没有毛病·
11:25 Feudal Age
10:58 Horse Collar
13:10 Double-Bit Axe
19:59 Castle Age
20:40 Light Cavalry
21:50 Bow Saw
23:53 Husbandry
ZzzHjj.
10:41 Feudal Age
12:06 Wheelbarrow
13:39 Double-Bit Axe
16:42 Horse Collar
Connection lost

Rejoining the realm…

Still unreachable

The connection could not be restored.

Session expired

The server has moved on; the page needs a fresh start.